Map: Глубоководный риф РВ

Players

Bly

  • Race: Zerg Zerg
  • Spawn Location: 11:00

Forstalling - Winner!

  • Race: Zerg Zerg
  • Spawn Location: 5:00

VOD

Have the link to the VOD?

Description

Bly vs Bee 1

Time

  • Played on: Nov. 28, 2017, 12:48 p.m.
  • Length: 10:13
Show
View Real Time Build Order
Export as new Build Order

Bly Zerg 

Build Orders: Pool First 

Get SALT Encoding   

  12  0:17  Spawning Pool  
  11  0:22  Drone  
  11  0:27  Drone  
  13  0:32  Drone  
  14  0:42  Overlord  
  14  1:05  Zergling x4  
  14  1:06  Zergling x2  
  17  1:16  Zergling x2  
  18  1:22  Hatchery  
  17  1:27  Zergling x2  
  18  1:38  Zergling x2  
  18  1:39  Queen  
  21  1:49  Overlord  
  20  2:06  Drone  
  20  2:12  Drone  
  20  2:15  Queen  
  21  2:20  Drone  
  24  2:32  Drone  
  24  2:35  Drone  
  24  2:36  Queen  
  26  2:45  Drone x2  
  26  2:51  Drone x3  
  29  3:00  Extractor, Drone x2  
  30  3:07  Drone  
  31  3:14  Spine Crawler  
  31  3:17  Zergling x2  
  31  3:19  Zergling x4  
  33  3:26  Zergling x6  
  36  3:27  Queen  
  36  3:38  Zergling x2  
  36  3:40  Spore Crawler  
  35  3:50  Overlord  
  35  3:55  Drone  
  36  3:57  Overlord  
  36  4:08  Queen  
  36  4:09  Drone  
  39  4:13  Drone x4  
  42  4:26  Drone x5  
  46  4:36  Drone x2  
  46  4:37  Drone x3  
  46  4:48  Extractor, Lair  
  46  4:49  Extractor  
  44  4:54  Evolution Chamber, Drone x3  
  44  4:56  Roach Warren  
  44  4:57  Drone  
  46  5:13  Drone  
  46  5:14  Drone x2  
  48  5:21  Drone x4  
  51  5:31  Zerg Missile Weapons Level 1  
  51  5:38  Overlord x2  
  51  5:42  Extractor  
  50  5:46  Overseer  
  50  5:48  Hatchery  
  49  5:53  Glial Reconstitution  
  49  5:54  Drone x3  
  52  6:05  Roach x5  
  62  6:17  Roach x3  
  62  6:18  Roach  
  66  6:22  Roach x2  
  66  6:26  Queen  
  68  6:35  Overlord  
  68  6:37  Evolution Chamber  
  66  6:47  Overlord  
  66  6:52  Overlord  
  67  6:54  Roach x4  
  74  7:02  Overlord, Ravager  
  74  7:07  Queen  
  76  7:17  Overlord  
  76  7:19  Drone  
  76  7:20  Drone  
  76  7:21  Roach x3  
  84  7:26  Zerg Missile Weapons Level 2  
  84  7:29  Roach  
  86  7:37  Roach  
  86  7:38  Roach x2  
  86  7:39  Hatchery  
  91  7:44  Roach x2  
  95  7:53  Roach x2  
  95  7:56  Ravager  
  98  8:00  Roach  
  98  8:02  Burrow  
  73  8:12  Roach x5  
  68  8:20  Evolution Chamber, Tunneling Claws  
  68  8:26  Roach x2  
  68  8:27  Roach x2  
  75  8:31  Roach  
  75  8:39  Roach  
  75  8:40  Roach  
  75  8:41  Evolution Chamber  
  66  8:43  Queen  
  56  8:50  Roach x2  
  56  9:01  Evolution Chamber  
  43  9:03  Roach  
  43  9:06  Roach  
  35  9:12  Roach  
  34  9:19  Roach  
Show
View Real Time Build Order
Export as new Build Order

Forstalling Zerg - Winner!

Build Orders: Pool First 

Get SALT Encoding   

  12  0:00  Drone  
  13  0:12  Overlord  
  13  0:17  Drone  
  14  0:30  Drone x2  
  16  0:36  Drone  
  17  0:44  Extractor  
  17  0:46  Spawning Pool  
  15  0:50  Drone  
  16  0:57  Drone  
  17  1:20  Hatchery  
  16  1:33  Zergling x6  
  19  1:40  Queen  
  19  1:46  Metabolic Boost  
  21  1:54  Overlord  
  21  2:00  Zergling x2  
  20  2:08  Zergling x2  
  20  2:16  Queen  
  20  2:19  Zergling x2  
  23  2:28  Zergling x2  
  24  2:33  Zergling x2  
  24  2:48  Drone  
  25  2:56  Baneling Nest  
  24  3:02  Drone x3  
  24  3:03  Drone  
  28  3:09  Zergling x2  
  28  3:10  Zergling x2  
  30  3:15  Drone  
  30  3:18  Drone  
  32  3:22  Drone  
  32  3:29  Evolution Chamber  
  32  3:30  Drone  
  32  3:32  Drone  
  31  3:36  Drone  
  31  3:38  Drone  
  30  3:48  Drone x3  
  30  3:50  Drone  
  34  3:56  Zerg Melee Weapons Level 1  
  34  3:59  Zergling x2  
  34  4:00  Zergling x2  
  36  4:03  Overlord  
  36  4:20  Baneling  
  36  4:22  Zergling x4  
  37  4:24  Zergling x6  
  37  4:25  Zergling x2  
  37  4:30  Drone  
  36  4:37  Drone  
  36  4:38  Drone x4  
  34  4:52  Drone x2  
  36  4:55  Queen  
  36  4:58  Drone  
  39  5:03  Drone  
  38  5:16  Zergling x6  
  38  5:17  Zergling x6  
  40  5:29  Hatchery  
  40  5:31  Zergling x4  
  41  5:39  Zergling x4  
  41  5:42  Baneling x2, Overlord  
  43  5:46  Zergling x2  
  44  5:54  Overlord  
  44  5:56  Zerg Ground Armor Level 1  
  44  6:01  Queen  
  44  6:02  Zergling x2  
  47  6:04  Zergling x2  
  47  6:05  Zergling x2  
  47  6:07  Zergling x2  
  49  6:11  Zergling x4  
  49  6:13  Zergling x2  
  49  6:16  Zergling x2  
  49  6:17  Zergling x2  
  52  6:21  Zergling x4  
  52  6:23  Zergling x2  
  53  6:26  Zergling x2  
  53  6:30  Zergling x2  
  54  6:34  Zergling x2  
  55  6:43  Zergling x4  
  55  6:46  Zergling x2  
  56  6:48  Zergling x2  
  54  6:55  Zergling x2  
  54  6:56  Zergling x4  
  54  6:59  Zergling x8  
  54  7:00  Lair  
  60  7:03  Overlord  
  59  7:11  Overlord x2  
  59  7:16  Overlord  
  59  7:17  Zergling x4  
  61  7:25  Zergling x6  
  61  7:26  Zergling x6  
  67  7:32  Zergling x2  
  67  7:33  Zergling x2  
  69  7:37  Zergling x2  
  69  7:40  Zergling x2  
  69  7:42  Zergling x2  
  71  7:46  Zergling x4  
  71  7:48  Zergling x8  
  77  7:52  Overlord  
  77  7:54  Zergling x2  
  77  7:56  Zergling x2  
  73  7:58  Zergling x2  
  73  8:01  Zergling x2  
  66  8:08  Zergling x2  
  66  8:11  Zergling x2  
  64  8:13  Zergling x2  
  64  8:14  Zergling x2  
  64  8:17  Zergling x2  
  64  8:18  Zergling x2  
  63  8:20  Zergling x2  
  63  8:23  Zergling x2  
  63  8:26  Zergling x4  
  65  8:29  Zergling x2  
  65  8:30  Zergling x2  
  65  8:34  Zergling x4  
  65  8:36  Zergling x2  
  65  8:38  Zergling x2  
  63  8:41  Zergling x2  
  63  8:42  Zergling x2  
  63  8:45  Zergling x2  
  63  8:46  Zergling x2  
  65  8:50  Zergling x4  
  65  8:52  Zergling x2  
  65  8:55  Zergling x2  
  65  8:58  Zergling x4  
  65  9:00  Zergling x2  
  65  9:02  Zergling x2  
  66  9:06  Zergling x2  
  66  9:07  Zergling x2  
  66  9:10  Zergling x4  
  66  9:13  Zergling x4  
  69  9:17  Zergling x4  
  69  9:20  Zergling x2  
  70  9:24  Zergling x4  
  70  9:27  Zergling x4  
  70  9:30  Zergling x2  
  75  9:31  Zergling x2  
  75  9:33  Zergling x2  
  75  9:35  Zergling x2  
  77  9:39  Zergling x2  
  78  9:46  Zergling x6  
  78  9:49  Zergling x6  
Tags
 
Add a new tag
Caveats
  • Supply blocks, unpowered buildings, or Contaminate may cause inaccurate times.
  • Supply counts are checked every 10 seconds.